 Dungeon Crawl Stone Soup version 0.23.1-38-g628c18f423 (webtiles) character file.

Game seed: 4717186239816035423

804 PentaManta the Slinger (level 8, -3/55 HPs)
             Began as a Halfling Hunter on Mar 29, 2019.
             Slain by a two-headed ogre
             ... wielding a +0 giant club
              (6 damage)
             ... on level 5 of the Dungeon.
             The game lasted 00:06:13 (3317 turns).

PentaManta the Slinger (Halfling Hunter)            Turns: 3317, Time: 00:06:13

Health: -3/55      AC:  5    Str: 15    XL:     8   Next: 14%
Magic:  8/8        EV: 16    Int:  9    God:
Gold:   258        SH:  0    Dex: 15    Spells: 7/7 levels left

rFire    . . .     SeeInvis .   y - +0 blowgun
rCold    . . .     Gourm    .   (shield restricted)
rNeg     . . .     Faith    .   c - +0 leather armour
rPois    .         Spirit   .   q - +0 helmet
rElec    .         Reflect  .   s - +0 cloak
rCorr    .         Harm     .   (no gloves)
MR       .....                  (no boots)
Stlth    ++........             (no amulet)
HPRegen  0.18/turn              (no ring)
MPRegen  0.11/turn              (no ring)

@: no status effects
A: small, mutation resistance 1
a: no special abilities


You were on level 5 of the Dungeon.
You were hungry.

You visited 1 branch of the dungeon, and saw 5 of its levels.

You collected 258 gold pieces.

Inventory:

Hand Weapons
 a - a +1 hunting sling
 b - a +0 short sword
 d - a +2 dagger of venom
 y - a +0 blowgun (weapon)
Missiles
 g - 185 stones
 w - 12 poisoned needles
 G - a needle of confusion (quivered)
Armour
 c - a +0 leather armour (worn)
 q - a +0 helmet (worn)
 s - a +0 cloak (worn)
Jewellery
 k - an uncursed ring of ice {unknown}
 v - a +5 ring of evasion {unknown}
 E - an uncursed amulet of magic regeneration {unknown}
Wands
 x - a wand of digging (5)
 C - a wand of random effects (13)
Scrolls
 e - 2 scrolls of blinking {unknown}
 h - 9 scrolls of identify {unknown}
 i - a scroll of noise {unknown}
 j - 2 scrolls of teleportation {unknown}
 n - a scroll of enchant weapon {unknown}
 p - a scroll of fog {unknown}
 r - 2 scrolls of fear {unknown}
 z - 2 scrolls of immolation {unknown}
 A - a scroll of magic mapping {unknown}
 J - a scroll of amnesia {unknown}
Potions
 l - 2 potions of agility {unknown}
 m - a potion of haste {unknown}
 o - a potion of brilliance {unknown}
 t - 2 potions of lignification {unknown}
 u - a potion of degeneration {unknown}
 B - a potion of mutation {unknown}
 D - a potion of invisibility {unknown}
 H - a potion of heal wounds {unknown}
 I - a potion of flight {unknown}
 K - a potion of resistance {unknown}
Comestibles
 f - 9 rations


   Skills:
 * Level 5.1 Fighting
 * Level 9.7 Slings
 + Level 4.6 Dodging
 - Level 1.1 Stealth


You had 7 spell levels left.
You didn't know any spells.
Your spell library was empty.

Dungeon Overview and Level Annotations

Branches:
Dungeon (5/15)
 Temple: D:4-7

Altars:
Ashenzari
Elyvilon
Makhleb
Qazlal
Vehumet
Wu Jian


Innate Abilities, Weirdness & Mutations

You are small and have problems with some larger weapons.
You are somewhat resistant to further mutation.


Message History

There is a stone staircase leading up here.
There is a stone staircase leading down here.
The two-headed ogre hits you with a +0 giant club!!
* * * LOW HITPOINT WARNING * * *
The two-headed ogre closely misses you.
Firing (i - inventory. (/) - cycle)
G - 3 needles of confusion (quivered)
Press: ? - help, Shift-Dir - straight line, f/p - two-headed ogre
Aim: a two-headed ogre, wielding two +0 giant clubs (lightly wounded, chance to confuse on hit: 3%)
You shoot a needle of confusion.
The needle of confusion hits the two-headed ogre.
The two-headed ogre resists.
The two-headed ogre is lightly wounded.
Firing (i - inventory. (/) - cycle)
G - 2 needles of confusion (quivered)
Press: ? - help, Shift-Dir - straight line, f/p - two-headed ogre
Aim: a two-headed ogre, wielding two +0 giant clubs (lightly wounded, chance to confuse on hit: 3%)
You shoot a needle of confusion.
The needle of confusion barely misses the two-headed ogre.
The two-headed ogre misses you.
The two-headed ogre hits you with a +0 giant club.
You die...

### ##(## ##.#(## ##.###O##
##.#####@####
#####.###.###...##
#......#.#.#.#...#####
#.####..# #.#((.((...#
####......## ##.#...###.###
#.....[....###.###.#......#
#.##......#.#.## ###.##.#.#
##.##......##.#####
#....#.#
..................#
#..###<#


You could see a two-headed ogre.

Vanquished Creatures
  An ice beast (D:5)
  A phantom (D:4)
  2 ogres
  A water moccasin skeleton (D:4)
  2 howler monkeys (D:5)
  A crimson imp (D:5)
  2 orc priests
  An orc wizard (D:4)
  Robin (D:2)
  A gnoll (D:1)
  5 adders
  2 oozes
  2 worms
  2 dart slugs
  2 leopard geckos
  14 orcs
  4 giant cockroaches
  13 goblins
  13 hobgoblins
  7 jackals
  3 quokkas
  2 ball pythons
  5 bats
  9 frilled lizards
  9 kobolds
  16 rats
121 creatures vanquished.

Notes
Turn   | Place    | Note
-------+----------+-------------------------------------------
     0 | D:1      | PentaManta the Halfling Hunter began the quest for the Orb.
     0 | D:1      | Reached XP level 1. HP: 14/14 MP: 1/1
    69 | D:1      | Reached skill level 6 in Slings
    79 | D:1      | Reached XP level 2. HP: 19/19 MP: 2/2
   314 | D:1      | Reached XP level 3. HP: 24/24 MP: 3/3
   837 | D:2      | Reached XP level 4. HP: 30/30 MP: 4/4
   981 | D:2      | Noticed a fire elemental
   985 | D:2      | Found a stormy altar of Qazlal.
   991 | D:2      | Noticed Robin
   996 | D:2      | Killed Robin
   996 | D:2      | Reached skill level 7 in Slings
  1005 | D:2      | Noticed an air elemental
  1051 | D:2      | Noticed an earth elemental
  1065 | D:2      | Noticed a water elemental
  1073 | D:2      | Reached XP level 5. HP: 36/36 MP: 5/5
  1251 | D:2      | Found a burning altar of Makhleb.
  1251 | D:2      | Found an ornate altar of the Wu Jian Council.
  1252 | D:2      | Found a white marble altar of Elyvilon.
  1374 | D:2      | Found a radiant altar of Vehumet.
  1405 | D:2      | Found a shattered altar of Ashenzari.
  1880 | D:3      | Reached XP level 6. HP: 42/42 MP: 6/6
  2124 | D:4      | Noticed a phantom
  2132 | D:4      | Killed a phantom
  2132 | D:4      | Reached skill level 8 in Slings
  2239 | D:4      | Reached XP level 7. HP: 48/48 MP: 7/7
  2983 | D:5      | Entered Level 5 of the Dungeon
  3052 | D:5      | Reached skill level 9 in Slings
  3151 | D:5      | Reached XP level 8. HP: 51/54 MP: 8/8
  3172 | D:5      | Reached skill level 5 in Fighting
  3229 | D:5      | Noticed a two-headed ogre
  3317 | D:5      | Slain by a two-headed ogre

Skill      XL: |  1  2  3  4  5  6  7  8 |
---------------+-------------------------+-----
Slings         | 6 7 8 9 |  9.7
Fighting       | 2 3 4 5 |  5.1
Dodging        | 3 4 |  4.6
Stealth        | |  1.1

Action                   |  1- 3 |  4- 6 |  7- 9 || total
-------------------------+-------+-------+-------++-------
 Fire: Hunting sling     |   103 |   210 |    92 ||   405
       Blowgun           |       |       |     2 ||     2
  Eat: Chunk             |       |     3 |     3 ||     6
Armor: Leather armour    |     1 |     5 |       ||     6
Dodge: Dodged            |    15 |    42 |    19 ||    76
